 Dungeon Crawl Stone Soup version 0.24.0-123-gd5b16e6ec5 (webtiles) character file.

Game seed: 6019449060288376317, levelgen mode: deterministic

100 Descartes the Scratcher (level 4, -1/19 HPs)
             Began as a Felid Transmuter on Feb 12, 2020.
             Slain by a goblin (2 damage)
             ... led by Robin
             ... on level 4 of the Dungeon.
             The game lasted 00:05:31 (2618 turns).

Descartes the Scratcher (Felid Transmuter)          Turns: 2618, Time: 00:05:32

Health: -1/19      AC:  1    Str:  7    XL:     4   Next: 47%
Magic:  8/8        EV: 19    Int: 14    God:
Gold:   131        SH:  0    Dex: 16    Spells: 6/7 levels left
                                        Lives:  0   Deaths: 1

rFire    . . .     SeeInvis +     - Unarmed
rCold    . . .     Gourm    .   (shield unavailable)
rNeg     . . .     Faith    .   (armour unavailable)
rPois    .         Spirit   .   (helmet unavailable)
rElec    .         Reflect  .   (cloak unavailable)
rCorr    .         Harm     .   (gloves unavailable)
MR       .....                  (boots unavailable)
Stlth    +++.......             (no amulet)
HPRegen  0.06/turn              (no ring)
MPRegen  0.11/turn              (no ring)

@: quick
A: very small, no armour, no weapons or thrown items, stealth, claws 1, fangs 3,
see invisible, carnivore, speed 1, shaggy fur 1, slow metabolism 1, sharp paws
a: no special abilities


You were on level 4 of the Dungeon.
You were very full.

You visited 1 branch of the dungeon, and saw 4 of its levels.

You collected 131 gold pieces.

Inventory:

Missiles
 a - 17 arrows
 d - 66 stones
Jewellery
 e - an uncursed ring of ice {unknown}
Scrolls
 b - 2 scrolls of teleportation {unknown}
 k - 3 scrolls of identify {unknown}
Comestibles
 c - a ration


   Skills:
 - Level 1.0 Fighting
 + Level 4.1 Dodging
 + Level 3.2 Stealth
 * Level 4.6 Unarmed Combat
 - Level 2.0 Spellcasting
 - Level 2.1 Transmutations


You had 6 spell levels left.
You knew the following spells:

 Your Spells              Type           Power        Failure   Level  Hunger
a - Beastly Appendage     Tmut           #.....       10%         1    ##.....

Your spell library contained the following spells:

 Spells                   Type           Power        Failure   Level  Hunger
 Sticks to Snakes         Tmut           #.......     14%         2    ###....
 Spider Form              Tmut/Pois      #.........   41%         3    ####...
 Ice Form                 Ice/Tmut       #.......     83%         4    #####..
 Blade Hands              Tmut           #.........   95%         5    ######.


Dungeon Overview and Level Annotations

Branches:
Dungeon (4/15)
 Temple: D:4-7

Altars:
Ru

Annotations:
D:2 Terence
D:3 Robin
D:4 Pikel


Innate Abilities, Weirdness & Mutations

You cannot wear armour.
You are incapable of wielding weapons or throwing items.
Your paws allow you to move quietly. (Stealth)
You have sharp claws.
You have razor-sharp teeth.
You have supernaturally acute eyesight. (SInv)
You are carnivorous and can eat meat at any time.
You cover ground quickly.
You are covered in fur. (AC +1)
You have a slow metabolism.
Your sharp claws are effective at attacking unaware monsters.


Message History

The goblin misses you. The goblin misses you.
Things that are here:
a +0 club; a goblin corpse You miss the goblin.
The goblin barely misses you.
You scratch the goblin.
The goblin is severely wounded.
The goblin closely misses you.
You barely miss the goblin.
The goblin is heavily wounded.
The goblin hits you.
* * * LOW HITPOINT WARNING * * *
You scratch the goblin but do no damage.
The goblin is heavily wounded.
The goblin hits you.
* * * LOW HITPOINT WARNING * * *
You barely miss the goblin.
The goblin is heavily wounded.
The goblin hits you.
You die...

########.#.#
#.#.# #.#.#
#.#.#
######'#'###
#..........#
#..........#
#g.........#
#<@........#
######+#'### #.#
#####.###
#.......#
#.###.#.# #^#
#.#.#.#.# #.#
#.#.#.#.# #.#
#.#.#.#.#####.##


You could see a goblin.

Vanquished Creatures
  An iguana (D:4)
  A worker ant (D:4)
  3 adders
  An ooze (D:4)
  A worm (D:4)
  A dart slug (D:1)
  3 orcs (D:4)
  6 bats
  2 giant cockroaches (D:1)
  10 goblins
  6 hobgoblins
  5 jackals
  2 ball pythons
  2 frilled lizards
  3 kobolds
  A quokka skeleton (D:4)
  5 rats
53 creatures vanquished.

Notes
Turn   | Place    | Note
-------+----------+-------------------------------------------
     0 | D:1      | Descartes the Felid Transmuter began the quest for the Orb.
     0 | D:1      | Reached XP level 1. HP: 9/9 MP: 4/4
    47 | D:1      | Reached skill level 1 in Stealth
   348 | D:1      | Reached XP level 2. HP: 12/12 MP: 6/6
   913 | D:2      | Reached XP level 3. HP: 13/15 MP: 7/7
   978 | D:2      | Noticed Terence
  1364 | D:2      | Found a sacrificial altar of Ru.
  1795 | D:2      | You fall into a shaft and drop 2 floors!
  1821 | D:3      | Noticed Robin
  1906 | D:4      | Reached XP level 4. HP: 12/19 MP: 8/8
  2048 | D:4      | Slain by a worker ant
  2049 | D:4      | Reached XP level 3. HP: -5/15 MP: 7/7
  2110 | D:4      | Found a sacrificial altar of Ru.
  2163 | D:4      | Reached XP level 4. HP: 13/19 MP: 8/8
  2428 | D:4      | Noticed a slave
  2429 | D:4      | Noticed a slave
  2429 | D:4      | Noticed a slave
  2429 | D:4      | Noticed Pikel
  2430 | D:4      | Noticed a slave
  2618 | D:4      | Slain by a goblin

Levels and vault maps discovered:
D:1:      erik_arrival_blinker_ship, layout_basic
D:2:      layout_basic, marbit_many_paths, chequers_serial_rivers_micro_e,
          uniq_terence
D:3:      layout_basic, nemelex_xobeh_ov_fountains_minmay, uniq_sigmund,
          uniq_jessica, uniq_robin
D:4:      kennysheep_goblin_castle, layout_basic,
          gammafunk_temple_overflow_statue, minmay_temple_entry_water_ring,
          grunt_ministairs_11, nicolae_ru_sacrificial_ziggurat, uniq_pikel

Skill      XL: |  1  2  3 |
---------------+----------+-----
Dodging        | 3 4 |  4.1
Stealth        | 1 3 |  3.2
Unarmed Combat | 4 |  4.6
Fighting       | |  1.0
Spellcasting   | |  2.0
Transmutations | |  2.1

Action                   |  1- 3 |  4- 6 || total
-------------------------+-------+-------++-------
Melee: Unarmed           |   149 |    50 ||   199
       Bite              |    11 |     1 ||    12
  Use: Potion            |     1 |     3 ||     4
 Stab: Sleeping          |     9 |       ||     9
  Eat: Chunk             |    13 |     3 ||    16
Armor: Skin              |     9 |       ||     9
Dodge: Dodged            |   111 |    43 ||   154
